 Dungeon Crawl Stone Soup version 0.19.0-2-gae57169 (webtiles) character file.

13470 RKaid the Thaumaturge (level 11, -5/63 HPs)
             Began as a Deep Elf Conjurer on Nov 6, 2016.
             Was a Priest of Sif Muna.
             Slain by a spiny frog (11 damage)
             ... on level 3 of the Lair of Beasts.
             The game lasted 01:10:32 (17970 turns).

RKaid the Thaumaturge (Deep Elf Conjurer)          Turns: 17970, Time: 01:10:33

Health: -5/63      AC:  9    Str: 14    XL:     11   Next: 76%
Magic:  23/29      EV: 17    Int: 24    God:    Sif Muna [***...]
Gold:   803        SH:  3    Dex: 15    Spells: 6 memorised, 17 levels left

rFire  + . .     SeeInvis .     U - +8 long sword "Gugerr" {venom, rElec Str+4}
rCold  . . .     Gourm    .     A - +1 leather armour "Neonaup" {rN+ Str+2}
rNeg   + . .     Faith    .     (no shield)
rPois  .         Spirit   .     (no helmet)
rElec  +         Reflect  +     F - +0 cloak
rCorr  .         Harm     .     R - +2 pair of gloves {Str+3}
MR     +....                    (no boots)
Stlth  ++........               K - +3 amulet of reflection
                                T - ring of protection from fire {rF+, !d}
                                V - ring of wizardry {Wiz+, !d}

@: lethally poisoned (-5 -> -40)
A: no striking features
a: Divine Energy, Channel Magic, Renounce Religion


You were on level 3 of the Lair of Beasts.
You worshipped Sif Muna.
Sif Muna was most pleased with you.
You were not hungry.

You visited 4 branches of the dungeon, and saw 18 of its levels.
You also visited: Sewer.

You collected 803 gold pieces.

Inventory:

Hand Weapons
 w - a +2 short sword of speed
   (You took it off an orc on level 4 of the Dungeon)
 y - a +1 blowgun
   (You took it off a kobold in a sewer)
 U - the +8 long sword "Gugerr" (weapon) {venom, rElec Str+4}
   (You found it on level 9 of the Dungeon)

   It poisons the flesh of those it strikes.
   It affects your strength (+4).
   It insulates you from electricity.
Missiles
 i - 2 throwing nets {=f, !d}
 C - 101 poisoned needles
Armour
 A - the +1 leather armour "Neonaup" (worn) {rN+ Str+2}
   (You took it off an orc on level 7 of the Dungeon)

   It affects your strength (+2).
   It protects you from negative energy.
 F - a +0 cloak (worn)
   (You found it on level 5 of the Dungeon)
 N - the +4 chain mail of Uskayaw's Reproof {rElec rF- Str+6, unknown}
   (You found it on level 6 of the Dungeon)

   It affects your strength (+6).
   It makes you vulnerable to fire.
   It insulates you from electricity.
 R - a +2 pair of gloves of strength (worn)
   (You found it on level 8 of the Dungeon)
 Y - +0 fire dragon scales
   (You found it on level 3 of the Lair of Beasts)
Jewellery
 K - a +3 amulet of reflection (around neck)
   (You found it on level 5 of the Dungeon)
 M - an uncursed amulet of rage {+Rage, !d}
   (You found it on level 8 of the Dungeon)
 T - a ring of protection from fire (right hand) {rF+, !d}
   (You found it on level 8 of the Dungeon)
 V - a ring of wizardry (left hand) {Wiz+, !d}
   (You found it on level 8 of the Dungeon)
Wands
 c - a wand of random effects (18/48)
   (You took it off a centaur on level 7 of the Dungeon)
 n - a wand of lightning (2/15)
   (You found it on level 1 of the Lair of Beasts)
 q - a wand of enslavement (7/24)
   (You found it on level 2 of the Lair of Beasts)
 E - a wand of iceblast (3/15)
   (You found it on level 7 of the Dungeon)
 G - a wand of slowing (33/48)
   (You found it on level 5 of the Dungeon)
 I - a wand of polymorph (12/24)
   (You found it on level 5 of the Dungeon)
 Q - a wand of iceblast (12/15)
   (You took it off an orc on level 7 of the Dungeon)
Scrolls
 d - 5 scrolls of teleportation
 o - 5 scrolls of amnesia
 p - 2 scrolls of blinking {!r}
 t - 3 scrolls of recharging
 v - 6 scrolls of remove curse
 x - a scroll of enchant armour
Potions
 a - 2 potions of berserk rage {!q}
 e - a potion of brilliance
 h - 11 potions of curing
 j - a potion of cancellation {unknown}
 k - 2 potions of lignification {unknown}
 m - 2 potions of magic
 r - a potion of invisibility
 s - a potion of experience {unknown}
 u - 4 potions of flight
 z - 2 potions of might
 D - 4 potions of mutation {unknown}
 H - 2 potions of haste {unknown}
 J - a potion of beneficial mutation {unknown}
 L - 3 potions of agility {unknown}
 S - 3 potions of degeneration {unknown}
 X - a potion of heal wounds
 Z - 2 potions of resistance {unknown}
Books
 b - a book of Conjurations
 f - a book of Burglary
   (You found it on level 8 of the Dungeon)
 B - a book of Changes
   (You found it on level 8 of the Dungeon)
Comestibles
 g - 2 beef jerkies
 l - a meat ration
 O - 5 slices of pizza
 P - 2 bread rations


   Skills:
 - Level 5.0 Fighting
 - Level 2.8 Short Blades
 - Level 5.0 Armour
 + Level 8.8 Dodging
 - Level 2.4 Stealth
 - Level 12.3 Spellcasting
 - Level 10.2 Conjurations
 - Level 4.4 Hexes
 - Level 7.0 Charms
 + Level 5.7 Air Magic


You had 17 spell levels left.
You knew the following spells:

 Your Spells              Type           Power        Failure   Level  Hunger
a - Magic Dart            Conj           ####         1%          1    None
b - Searing Ray           Conj           ######       1%          2    None
c - Dazzling Spray        Conj/Hex       ######       1%          3    None
d - Iskenderun's Mystic   Conj           ######..     1%          4    None
s - Swiftness             Chrm/Air       #####...     1%          2    None
z - Iskenderun's Battles  Conj/Chrm      ######..     1%          5    ###....


Dungeon Overview and Level Annotations

Branches:
Dungeon (9/15)             Temple (1/1) D:7            Lair (6/6) D:8
  Swamp (0/4) Lair:2          Orc (2/2) D:9
  Snake: Lair:2-4    Spider: Lair:2-4     Slime: Lair:5-6       Elf: Orc:2

Altars:
Ashenzari
Cheibriados
Dithmenos
Elyvilon
Fedhas
Gozag
Hepliaklqana
Kikubaaqudgha
Makhleb
Nemelex Xobeh
Okawaru
Qazlal
Ru
Sif Muna
Trog
Uskayaw
Vehumet
Xom
Yredelemnul
Zin
The Shining One
Jiyva

Annotations:
D:3 RKaid's ghost, amateur MiFi
D:4 Gobbopathe's ghost, novice OpVM
D:7 Ge0ff's ghost, novice MiNe
Lair:3 exclusion: hydra
Lair:5 1 runed door


Message History

The black mamba barely misses you. The black mamba completely misses you.
Casting: Iskenderun's Battlesphere
Confirm with . or Enter, or press ? or * to list all spells.
Aiming: Magic Dart
Press: ? - help, Shift-Dir - straight line, f - black mamba
Aim: a black mamba The magic dart hits the black mamba.
Your battlesphere fires!
The barrage of energy hits the black mamba.
You block the black mamba's attack.
Casting: Magic Dart
Confirm with . or Enter, or press ? or * to list all spells.
Aiming: Magic Dart
Press: ? - help, Shift-Dir - straight line, f/p - black mamba
Aim: a black mamba (moderately wounded)
The magic dart hits the black mamba.
Your battlesphere fires!
The barrage of energy hits the black mamba.
The black mamba closely misses you.
You riposte.
You miss the black mamba.
The black mamba bites you but does no damage.
Casting: Magic Dart
Confirm with . or Enter, or press ? or * to list all spells.
Aiming: Magic Dart
Press: ? - help, Shift-Dir - straight line, f/p - black mamba
Aim: a black mamba (heavily wounded)
The magic dart hits the black mamba.
Your battlesphere fires!
The barrage of energy hits the black mamba.
The black mamba bites you. The black mamba closely misses you.
You riposte.
You hit the black mamba but do no damage.
Casting: Magic Dart
Confirm with . or Enter, or press ? or * to list all spells.
Aiming: Magic Dart
Press: ? - help, Shift-Dir - straight line, f/p - black mamba
Aim: a black mamba (almost dead)
The magic dart hits the black mamba.
You kill the black mamba!
Sif Muna accepts your kill.
Your battlesphere fires!
Your battlesphere expends the last of its energy and dissipates.
Eating one of 5 chunks of flesh.
You start eating one of the 5 chunks of flesh.
This raw flesh tastes terrible.
You found a teleport trap!
o - 5 scrolls of amnesia (gained 1)
S - 3 sedimented purple potions (gained 1)
There is a stone staircase leading up here.
You climb upwards.
Level annotation: exclusion: hydra A porcupine comes into view.
There is a stone staircase leading down here.
Casting: Magic Dart
Confirm with . or Enter, or press ? or * to list all spells.
You conjure a globe of magical energy.
Casting: Iskenderun's Battlesphere
Confirm with . or Enter, or press ? or * to list all spells.
Aiming: Magic Dart
Press: ? - help, Shift-Dir - straight line, f - porcupine
Aim: a porcupine The magic dart hits the porcupine.
Your battlesphere fires!
The barrage of energy hits the porcupine.
You kill the porcupine!
Sif Muna accepts your kill.
Casting: Magic Dart
Confirm with . or Enter, or press ? or * to list all spells.
You can't see any susceptible monsters within range! (Use Z to cast anyway.) All of the chunks of flesh in your inventory have rotted away.
A spiny frog comes into view.
The spiny frog gives a loud, deep croak!
A spiny frog comes into view.
The spiny frog stings you!!
You are poisoned.
The spiny frog poisons you!
Casting: Magic Dart
Confirm with . or Enter, or press ? or * to list all spells.
Aiming: Magic Dart
Press: ? - help, Shift-Dir - straight line, f - spiny frog
Aim: a spiny frog The magic dart hits the spiny frog.
You feel sick. The spiny frog barely misses you.
Casting: Magic Dart
Confirm with . or Enter, or press ? or * to list all spells.
Aiming: Magic Dart
Press: ? - help, Shift-Dir - straight line, f/p - spiny frog
Aim: a spiny frog (lightly wounded)
The magic dart hits the spiny frog.
You feel sick. The spiny frog stings you! x2
* * * LOW HITPOINT WARNING * * *
You are more poisoned.
The spiny frog poisons you!
Casting: Magic Dart
Confirm with . or Enter, or press ? or * to list all spells.
Aiming: Magic Dart
Press: ? - help, Shift-Dir - straight line, f/p - spiny frog
Aim: a spiny frog (moderately wounded)
The magic dart hits the spiny frog.
* * * LOW HITPOINT WARNING * * *
You feel very sick. The spiny frog stings you!
You die...

..............>......##
...#.#...##..........#
....#...P##.###+##..##
.........#..###.#####
........##.#.#.###
#.....#P.......# ..
#........#.....##
...#....*#####.....#
.......@##.8.####.##
...##PFF#.....# ###
..#.##...8.<.8#
.............#
........#...##
........##.+#.#
.......#......#
....##..........#
...##....####.....


You could see 2 spiny frogs and a friendly battlesphere (wandering).

Vanquished Creatures
  2 hill giants (D:8)
  Maurice (D:8)
  A black mamba (Lair:4)
  A komodo dragon (Lair:1)
  3 blink frogs
  A hornet (D:8)
  5 hippogriffs
  4 hogs (D:7)
  A human (D:7)
  7 vampire mosquitoes (Lair:2)
  2 wyverns
  3 yaks (Lair:3)
  2 wargs
  A soldier ant (D:8)
  Menkaure (D:7)
  7 water moccasins
  4 porcupines
  11 orc warriors
  An ice beast (D:7)
  A sky beast (D:5)
  2 black bears
  2 phantoms (D:5)
  An ogre (shapeshifter) (D:8)
  6 wolves
  A necrophage (D:5)
  2 ogres
  4 centaurs
  4 crocodiles
  A big kobold (D:4)
  7 bullfrogs
  A gnoll sergeant (D:5)
  A water moccasin skeleton (D:8)
  3 scorpions
  8 howler monkeys
  4 wights (D:8)
  3 crimson imps
  A quasit (D:8)
  A centaur zombie (D:8)
  7 orc priests
  3 hounds
  4 jellies
  17 orc wizards
  4 centaur skeletons
  4 iguanas
  9 worker ants
  A hound skeleton (D:7)
  A worker ant zombie (D:9)
  4 gnolls (D:5)
  A howler monkey skeleton (D:6)
  9 adders
  3 shadow imps
  2 adder zombies
  4 worms
  An adder skeleton (D:4)
  A dart slug (D:1)
  4 leopard geckos
  48 orcs
  5 ball pythons
  10 bats
  5 giant cockroaches
  8 hobgoblins
  8 jackals
  9 kobolds
  3 quokkas
  8 frilled lizards
  7 goblins
  5 rats
306 creatures vanquished.

Vanquished Creatures (others)
  A centaur (D:8)
  2 plants
3 creatures vanquished.

Grand Total: 309 creatures vanquished

Notes
Turn   | Place    | Note
-------+----------+-------------------------------------------
     0 | D:1      | RKaid the Deep Elf Conjurer began the quest for the Orb.
     0 | D:1      | Reached XP level 1. HP: 10/10 MP: 6/6
   356 | D:1      | Reached XP level 2. HP: 15/15 MP: 1/8
  1159 | D:2      | Reached skill level 4 in Spellcasting
  1264 | D:2      | Reached XP level 3. HP: 19/19 MP: 7/10
  1320 | D:2      | Reached skill level 5 in Conjurations
  1879 | D:3      | Noticed RKaid's ghost (amateur MiFi)
  2151 | D:3      | Found a glowing drain.
  2155 | Sewer    | Entered a sewer
  2199 | Sewer    | Learned a level 2 spell: Searing Ray
  2203 | Sewer    | Learned a level 3 spell: Dazzling Spray
  2292 | Sewer    | Reached XP level 4. HP: 24/24 MP: 8/12
  3369 | D:4      | Learned a level 4 spell: Iskenderun's Mystic Blast
  3449 | D:4      | Reached skill level 3 in Dodging
  3449 | D:4      | Reached skill level 5 in Spellcasting
  3449 | D:4      | Reached skill level 1 in Hexes
  3556 | D:4      | Reached XP level 5. HP: 28/28 MP: 8/14
  3649 | D:4      | You fall through a shaft for 2 floors!
  3653 | D:6      | Noticed a sky beast
  3678 | D:5      | Entered Level 5 of the Dungeon
  3685 | D:5      | Noticed a phantom
  3717 | D:5      | Killed a phantom
  3717 | D:5      | Reached skill level 2 in Hexes
  3890 | D:5      | Reached skill level 4 in Dodging
  3972 | D:5      | Reached skill level 3 in Hexes
  3972 | D:5      | Reached XP level 6. HP: 32/32 MP: 10/16
  4163 | D:4      | Noticed Gobbopathe's ghost (novice OpVM)
  4183 | D:5      | Reached skill level 6 in Spellcasting
  4372 | D:3      | HP: 8/32 [poisoned by a worker ant]
  4686 | D:4      | Reached skill level 4 in Hexes
  4905 | D:4      | HP: 6/32 [orc wizard/dagger (3)]
  4912 | D:4      | HP: 7/32 [orc wizard/magic dart (5)]
  4920 | D:4      | Reached XP level 7. HP: 9/36 MP: 3/19
  5300 | D:5      | Reached skill level 5 in Dodging
  5353 | D:4      | Learned a level 5 spell: Iskenderun's Battlesphere
  5474 | D:5      | Reached skill level 7 in Spellcasting
  5474 | D:5      | Reached skill level 1 in Charms
  5474 | D:5      | Reached skill level 2 in Charms
  5756 | D:5      | Reached skill level 3 in Charms
  5927 | D:5      | Reached skill level 4 in Charms
  6191 | D:5      | Reached skill level 5 in Charms
  6348 | D:6      | Reached XP level 8. HP: 21/41 MP: 6/21
  6565 | D:6      | Reached skill level 6 in Conjurations
  6721 | D:6      | Reached skill level 8 in Spellcasting
  6768 | D:6      | HP: 5/41 [something/magic dart (6)]
  6884 | D:6      | Found an iron altar of Okawaru.
  6890 | D:6      | Reached skill level 6 in Charms
  7128 | D:6      | Got a spiked chain mail
  7572 | D:7      | Reached skill level 7 in Charms
  7611 | D:7      | Noticed Ge0ff's ghost (novice MiNe)
  7764 | D:7      | Reached skill level 1 in Fighting
  7764 | D:7      | Reached skill level 1 in Short Blades
  7764 | D:7      | Reached skill level 9 in Spellcasting
  7871 | D:7      | Noticed a hippogriff
  7879 | D:7      | HP: 9/43 [hippogriff (8)]
  7887 | D:7      | HP: 9/43 [hippogriff (3)]
  7889 | D:7      | HP: 3/43 [hippogriff (6)]
  7889 | D:7      | HP: 1/43 [hippogriff (2)]
  7900 | D:7      | Killed a hippogriff
  7900 | D:7      | Reached skill level 2 in Short Blades
  8193 | D:7      | Found a staircase to the Ecumenical Temple.
  8203 | Temple   | Entered the Ecumenical Temple
  8505 | Temple   | Became a worshipper of Sif Muna the Loreminder
  8555 | D:7      | Noticed Menkaure
  8566 | D:7      | Killed Menkaure
  8566 | D:7      | Reached skill level 2 in Fighting
  8566 | D:7      | Reached XP level 9. HP: 25/48 MP: 15/24
  8868 | D:7      | Reached skill level 10 in Spellcasting
  8868 | D:7      | Reached skill level 7 in Conjurations
  8871 | D:7      | Reached skill level 3 in Fighting
  8880 | D:7      | HP: 10/50 [hog (10)]
  9236 | D:7      | Got a twisted leather armour
  9324 | D:7      | Identified the +1 leather armour "Neonaup" {rN+ Str+2} (You took it off an orc on level 7 of the Dungeon)
  9403 | D:7      | Reached * piety under Sif Muna
  9403 | D:7      | Reached skill level 1 in Armour
  9768 | D:7      | Reached skill level 8 in Conjurations
  9930 | D:8      | Reached skill level 2 in Armour
 10010 | D:8      | Reached skill level 11 in Spellcasting
 10048 | D:8      | Paralysed by a hornet for 2 turns
 10052 | D:8      | Reached XP level 10. HP: 15/56 MP: 12/27
 10053 | D:8      | Noticed an elephant
 10059 | D:8      | Noticed a salamander
 10059 | D:8      | an elephant changed into a salamander
 10068 | D:8      | Noticed a ghost crab
 10068 | D:8      | a salamander changed into a ghost crab
 10342 | D:8      | Reached skill level 3 in Armour
 10783 | D:8      | Noticed Maurice
 11264 | D:8      | Killed Maurice
 11264 | D:8      | Reached skill level 4 in Armour
 11320 | D:8      | Noticed a hill giant
 11321 | D:8      | Noticed a hill giant
 11329 | D:8      | Killed a hill giant
 11329 | D:8      | Reached skill level 9 in Conjurations
 11382 | D:8      | Killed a hill giant
 11386 | D:8      | HP: 4/56 [orc warrior/dire flail (12)]
 11391 | D:8      | HP: 10/56 [orc warrior/dire flail (1)]
 11428 | D:9      | HP: 10/56 [orc warrior/hand axe (6)]
 11430 | D:9      | Reached skill level 5 in Armour
 11875 | D:8      | Found a staircase to the Lair.
 11994 | D:8      | Learned a level 2 spell: Swiftness
 12154 | D:8      | Reached skill level 12 in Spellcasting
 12183 | D:8      | Reached ** piety under Sif Muna
 12702 | D:9      | Reached skill level 4 in Fighting
 12831 | D:8      | HP: 13/56 [warg (16)]
 13250 | D:9      | Found a glowing silver altar of Zin.
 13349 | D:9      | Found a staircase to the Orcish Mines.
 13551 | D:9      | Got a slimy long sword
 13573 | D:9      | Identified the +8 long sword "Gugerr" {venom, rElec Str+4} (You found it on level 9 of the Dungeon)
 13915 | D:9      | Found a bloodstained altar of Trog.
 13919 | D:9      | Found a sparkling altar of Nemelex Xobeh.
 13923 | D:9      | Found a stormy altar of Qazlal.
 14267 | Orc:1    | Entered Level 1 of the Orcish Mines
 14474 | Orc:2    | Entered Level 2 of the Orcish Mines
 14480 | Orc:2    | Reached XP level 11. HP: 60/62 MP: 16/29
 14481 | Orc:2    | Reached skill level 10 in Conjurations
 14494 | Orc:2    | Noticed an orc sorcerer
 15134 | D:8      | Reached skill level 5 in Fighting
 15173 | Lair:1   | Entered Level 1 of the Lair of Beasts
 15333 | Lair:1   | Reached skill level 1 in Air Magic
 15544 | Lair:1   | Reached skill level 2 in Air Magic
 16143 | Lair:3   | Noticed a five-headed hydra
 16175 | Lair:2   | Reached *** piety under Sif Muna
 16175 | Lair:2   | Reached skill level 6 in Dodging
 16649 | Lair:2   | Reached skill level 3 in Air Magic
 16838 | Lair:2   | Found a glowing silver altar of Zin.
 16920 | Lair:2   | Reached skill level 7 in Dodging
 16973 | Lair:2   | Reached skill level 4 in Air Magic
 17203 | Lair:2   | Found a staircase to the Swamp.
 17502 | Lair:3   | Reached skill level 8 in Dodging
 17615 | Lair:3   | Reached skill level 5 in Air Magic
 17701 | Lair:5   | Found a runed door.
 17702 | Lair:5   | Found a viscous altar of Jiyva.
 17702 | Lair:5   | Noticed an azure jelly
 17752 | Lair:6   | Entered Level 6 of the Lair of Beasts
 17969 | Lair:3   | HP: 9/63 [spiny frog (14)]
 17970 | Lair:3   | Slain by a spiny frog

Skill      XL: |  1  2  3  4  5  6  7  8  9 10 11 |
---------------+----------------------------------+-----
Spellcasting   | 4 5 6 7 9 11 12 | 12.3
Conjurations   | 5 6 8 9 10 | 10.2
Dodging        | 3 4 5 8 |  8.8
Hexes          | 1 3 4 |  4.4
Charms         | 5 7 |  7.0
Fighting       | 2 3 4 5 |  5.0
Short Blades   | 2 |  2.8
Armour         | 2 5 |  5.0
Air Magic      | 5 |  5.7
Stealth        | |  2.4

Action                   |  1- 3 |  4- 6 |  7- 9 | 10-12 || total
-------------------------+-------+-------+-------+-------++-------
Melee: Club              |       |    27 |       |       ||    27
       Dagger            |       |     6 |       |       ||     6
       Unarmed           |       |     2 |       |       ||     2
       Short sword       |       |       |    18 |    15 ||    33
       Long sword        |       |       |       |     3 ||     3
 Fire: Blowgun           |       |     3 |       |       ||     3
Throw: Stone             |    10 |       |       |       ||    10
 Cast: Magic Dart        |    98 |   153 |   318 |   420 ||   989
       Searing Ray       |       |     2 |     4 |       ||     6
       Dazzling Spray    |       |       |     7 |     1 ||     8
       Iskenderun's Batt |       |       |     5 |    44 ||    49
       Iskenderun's Myst |       |       |     5 |    17 ||    22
       Swiftness         |       |       |       |     1 ||     1
  Use: Scroll            |       |    13 |     8 |     7 ||    28
       Potion            |       |     2 |     5 |     1 ||     8
  Eat: Beef jerky        |     1 |       |       |     3 ||     4
       Chunk             |     2 |     3 |     4 |    17 ||    26
       Bread ration      |       |     2 |     1 |       ||     3
       Meat ration       |       |       |     1 |       ||     1
       Pizza             |       |       |       |     4 ||     4
       Fruit             |       |       |       |     2 ||     2
Armor: Robe              |     9 |    12 |    20 |       ||    41
       Leather armour    |       |       |     4 |    48 ||    52
Dodge: Dodged            |    22 |    45 |   136 |   149 ||   352
Block: Other             |       |       |    20 |    23 ||    43
       Reflection        |       |       |       |     2 ||     2
       Rpst.: Long sword |       |       |       |    29 ||    29

Vault maps used:
D:1:      dpeg_arrival_rooms_c
D:3:      gup_sewer_entry_bowl, kennysheep_another_room,
          kennysheep_generic_room_9
D:4:      first_bread, lexackson_kobold_supper
D:6:      okawaru_trees_2
D:7:      grunt_livestock, bh_walls_and_bars, uniq_menkaure
D:8:      minmay_cut_squares, lair_0_dummy, grunt_ministairs_13,
          corner_web_ring, uniq_maurice
D:9:      minmay_overflow_temple_star_quad, erik_orc_3, basic_altar
Temple:   hc_temple_tempest_star
Lair:2:   minmay_swamp_entry_swarm, basic_altar, infiniplex_staircase_pool_2
Lair:3:   zaba_antful_of_joy, grunt_megastairs_2
Lair:4:   nicolae_spider_entry_tight_spaces
Lair:5:   slime_altar_2
Lair:6:   gammafunk_lair_ancient_temple
Orc:2:    grunt_orc_community_town_hall, grunt_orc_community_big_house_1,
          grunt_orc_community_big_house_1, grunt_orc_community_house_1,
          grunt_orc_community_house_1, grunt_orc_community_house_1,
          grunt_orc_community_house_1, grunt_orc_community_house_3,
          lightli_orcish_oven
Sewer:    sewer_co_scattered_pipes

Table legend:
 A = Turns spent in this place as a percentage of turns spent in the entire game.
 B = Non-inter-level travel turns spent in this place as a percentage of non-inter-level travel turns spent in the entire game.
 C = Inter-level travel turns spent in this place as a percentage of turns spent in this place.
 D = Turns resting spent in this place as a percentage of non-inter-level travel turns spent in this place.
 E = Turns spent auto-exploring this place as a percentage of non-inter-level travel turns spent in this place.
 F = Non-inter-level travel turns spent in this place divided by the number of levels of this place that you've seen.
                   A       B       C       D       E      F
               +-------+-------+-------+-------+-------+----------------------
         Total | 100.0 | 100.0 |   0.6 |   6.0 |   4.0 | 281.6
       Dungeon |  76.5 |  76.5 |   0.6 |   5.9 |   3.9 | 454.8
        Temple |   0.8 |   0.7 |   4.9 |   0.0 |  48.7 |  39.0
          Lair |  14.8 |  14.8 |   0.3 |   6.6 |   3.7 | 132.0
  Orcish Mines |   2.4 |   2.4 |   0.8 |  10.9 |   0.8 |  64.0
         Sewer |   5.6 |   5.6 |   0.0 |   3.3 |   2.0 | 299.0
               +-------+-------+-------+-------+-------+----------------------

Table legend:
 A = Kills in this place as a percentage of kills in entire the game.
 B = Kills by you in this place as a percentage of kills by you in the entire game.
 C = Kills by friends in this place as a percentage of kills by friends in the entire game.
 D = Other kills in this place as a percentage of other kills in the entire game.
 E = Experience gained in this place as a percentage of experience gained in the entire game.
 F = Experience gained in this place divided by the number of levels of this place that you have seen.
                   A       B       C       D       E      F
               +-------+-------+-------+-------+-------+----------------------
         Total | 100.0 | 100.0 |  -nan | 100.0 | 100.0 | 1012.8
       Dungeon |  73.9 |  73.9 |  -nan | 100.0 |  56.0 | 1196.9
          Lair |  14.3 |  14.4 |  -nan |   0.0 |  38.2 | 1223.8
  Orcish Mines |   7.5 |   7.5 |  -nan |   0.0 |   5.7 | 548.5
         Sewer |   4.2 |   4.2 |  -nan |   0.0 |   0.2 |  31.0
               +-------+-------+-------+-------+-------+----------------------
